 Dungeon Crawl Stone Soup version 0.18.1-5-g4a78601 (webtiles) character file.

26274 Helmschank the Severer (level 13, 0/153 HPs)
             Began as a Hill Orc Abyssal Knight on May 12, 2016.
             Was a High Priest of Lugonu.
             Slain by a death yak (12 damage)
             ... on level 5 of the Lair of Beasts on May 13, 2016.
             The game lasted 01:57:23 (26155 turns).

Helmschank the Severer (Hill Orc Abyssal Knight)   Turns: 26155, Time: 01:57:24

Health: 0/153      AC: 19    Str: 25    XL:     13   Next: 24%
Magic:  22/22      EV:  9    Int: 15    God:    Lugonu [*****.]
Gold:   767        SH:  5    Dex: 13    Spells: 0 memorised, 12 levels left

rFire  . . .     SeeInvis .     a - +0 battleaxe
rCold  . . .     Gourm    .     r - +0 plate armour
rNeg   . . .     Faith    .     (shield currently unavailable)
rPois  .         Spirit   .     Q - +1 hat {Int+3}
rElec  .         Dismiss  .     w - +0 cloak
rCorr  +         Reflect  +     O - +0 pair of gloves
SustAt .         Harm     .     f - +1 pair of boots
MR     .....                    p - +5 amulet of reflection
Stlth  ..........               v - +3 ring of dexterity
                                b - ring of resist corrosion

@: mighty, berserking (expiring), very quick, not resistant to hostile
enchantments, extremely unstealthy
A: no striking features
a: Depart the Abyss, Bend Space, Banish, Corrupt, Enter the Abyss, Renounce
Religion


You were on level 5 of the Lair of Beasts.
You worshipped Lugonu.
Lugonu was extremely pleased with you.
You were not hungry.

You visited 3 branches of the dungeon, and saw 16 of its levels.
You visited the Abyss 1 time.

You collected 935 gold pieces.
You spent 168 gold pieces at shops.

Inventory:

Hand Weapons
 a - a +0 battleaxe (weapon)
 D - a +0 war axe
Missiles
 g - 107 bolts
 R - 297 stones (quivered)
Armour
 f - a +1 pair of boots (worn)
 r - a +0 plate armour (worn)
 w - a +0 cloak (worn)
 O - a +0 pair of gloves (worn)
 Q - a +1 hat of intelligence (worn)
Jewellery
 b - a ring of resist corrosion (left hand)
 p - a +5 amulet of reflection (around neck)
 v - a +3 ring of dexterity (right hand)
 x - an uncursed amulet of rage
 F - an uncursed amulet of guardian spirit
 K - an uncursed amulet of magic regeneration
Wands
 e - a wand of flame (32/48)
 k - a wand of paralysis (5/24)
 A - a wand of digging (11/24)
 B - a wand of iceblast (7/15)
 E - a wand of flame (20/48)
 G - a wand of polymorph (6/24)
 H - a wand of iceblast (5/15)
 I - a wand of disintegration (19/24)
 J - a wand of flame (17/48)
 M - a wand of paralysis (15/24)
 Y - a wand of iceblast (1/15)
Scrolls
 d - 4 scrolls of identify
 i - 3 scrolls of remove curse
 j - a scroll of enchant armour
 l - 2 scrolls of fog
 m - 3 scrolls of enchant weapon
 q - 3 scrolls of magic mapping
 S - a scroll of recharging
 T - a scroll of fear
 U - a scroll of teleportation
Potions
 h - a potion of brilliance
 o - a potion of resistance
 t - a potion of cancellation {unknown}
 u - a potion of agility
 z - 2 potions of haste
 C - 4 potions of flight
 W - 3 potions of curing
Books
 L - a Young Poisoner's Handbook

   Spells                             Type                      Level
   a - Sting                          Conjuration/Poison           1
   b - Cure Poison                    Poison                       2
   c - Mephitic Cloud                 Conjuration/Poison/Air       3
   d - Olgreb's Toxic Radiance        Poison                       4
   e - Venom Bolt                     Conjuration/Poison           5
 V - a book of Dreams

   Spells                             Type                      Level
   a - Ensorcelled Hibernation        Hexes/Ice                    2
   b - Silence                        Hexes/Air                    5
   c - Darkness                       Hexes                        6
   d - Shadow Creatures               Summoning                    6
 Z - a book of Cantrips

   Spells                             Type                      Level
   a - Corona                         Hexes                        1
   b - Animate Skeleton               Necromancy                   1
   c - Summon Small Mammal            Summoning                    1
   d - Apportation                    Translocation                1
Comestibles
 c - 12 bread rations
 s - 5 meat rations
 P - 3 chunks of flesh
 X - 3 slices of pizza


   Skills:
 - Level 5.8 Fighting
 * Level 19.9 Axes
 + Level 7.9 Armour
 - Level 5.4 Dodging
 - Level 13.0 Invocations


You had 12 spell levels left.
You didn't know any spells.

Dungeon Overview and Level Annotations

Branches:
Dungeon (9/15)             Temple (1/1) D:6            Lair (6/8) D:9
  Swamp: Lair:3-6    Shoals: Lair:3-6     Snake: Lair:3-6    Spider: Lair:3-6
  Slime: Lair:6-8       Orc: D:9-12

Altars:
Ashenzari
Cheibriados
Dithmenos
Elyvilon
Fedhas
Gozag
Kikubaaqudgha
Makhleb
Nemelex Xobeh
Okawaru
Pakellas
Qazlal
Ru
Sif Muna
Trog
Vehumet
Xom
Yredelemnul
Zin
The Shining One

Shops:
D:6 }

Annotations:
D:8 exclusion: statue


Message History

The death yak is lightly wounded.
You slash the death yak!
The death yak is lightly wounded.
The death yak gores you but does no damage.
You hit the death yak.
The death yak is lightly wounded.
You slash the death yak!
The death yak is moderately wounded.
The death yak gores you!!
* * * LOW HITPOINT WARNING * * *
You take 20 damage, and have 11/153 hp.
You slice the death yak!!
The death yak is heavily wounded.
Your plate armour prevents you from hitting the death yak.
You slash the death yak!
The death yak is severely wounded.
You slash the death yak!
The death yak is lightly wounded.
The death yak gores you!
You die...

..###.#......##.....##...........
....#.#.......[P.....Y...........
..#.................F............
.......#.........F..P.......##...
.P.....#......##...#........# ...
..##..#.#.....###...##......# P#
.#...####....P# #####(......# .
..............####Y..#.......
...............Y@YY..........
.###..##.#PP#..###.######### ##
##########.#.#### # #####


You could see 3 death yaks and a yak.

Vanquished Creatures
  Gastronok (D:9)
  2 death yaks (Lair:5)
  An elephant (Lair:1)
  A griffon (Lair:4)
  A torpor snail (Lair:5)
  A black mamba (Lair:3)
  4 spiny frogs
  7 komodo dragons
  The ghost of Strat the Cleaver, a novice TeWr (D:4)
  A polar bear (Lair:6)
  2 trolls (D:9)
  A two-headed ogre (D:9)
  11 blink frogs
  Eustachio (D:4)
  2 basilisks (Lair:2)
  14 yaks
  4 hippogriffs
  Grum (D:9)
  A hungry ghost (D:9)
  7 water moccasins
  14 porcupines
  2 hell hounds
  Duvessa (D:7)
  A phantom (D:4)
  A black bear (Lair:3)
  3 orc warriors
  2 ice beasts
  2 sky beasts
  4 ogres
  12 wolves
  4 centaurs
  2 big kobolds
  8 crocodiles
  Blork the orc (D:6)
  15 giant frogs
  Dowan (D:7)
  4 scorpions
  9 killer bees (D:9)
  3 howler monkeys (D:8)
  5 wights
  6 crimson imps
  A quasit (D:8)
  9 orc priests
  2 giant frog skeletons
  6 hounds
  2 jellies (D:8)
  Crazy Yiuf (D:5)
  3 centaur skeletons
  8 hell rats (Lair:5)
  11 iguanas
  4 orc wizards
  9 worker ants
  12 sheep
  A hound zombie (D:9)
  A hound skeleton (D:8)
  A howler monkey skeleton (D:8)
  6 gnolls (D:4)
  7 adders
  68 river rats
  5 shadow imps
  12 white imps (Lair:5)
  An adder zombie (D:5)
  An adder skeleton (D:5)
  2 worms
  A dart slug (D:1)
  12 giant geckos
  31 orcs
  4 bats
  10 giant cockroaches
  4 goblins
  9 hobgoblins
  16 jackals
  17 kobolds
  4 quokkas
  A giant gecko zombie (D:5)
  3 giant newts
  A jackal skeleton (D:5)
  24 rats
  2 fungi (Lair:5)
  A plant (Lair:5)
477 creatures vanquished.

Vanquished Creatures (others)
  2 hydras
  A spiny frog (Lair:2)
  A black mamba (Lair:6)
  2 komodo dragons (Lair:4)
  3 blink frogs (Lair:3)
  A basilisk (Lair:2)
  A porcupine (Lair:3)
  2 orc warriors
  A wolf (D:9)
  An orc priest (D:4)
  A bush (Lair:1)
  8 fungi
  A lurking horror (Abyss:1)
  4 plants
29 creatures vanquished.

Grand Total: 506 creatures vanquished

Notes
Turn   | Place    | Note
--------------------------------------------------------------
     0 | Abyss:1  | Helmschank the Hill Orc Abyssal Knight began the quest for the Orb.
     0 | Abyss:1  | Reached XP level 1. HP: 19/19 MP: 2/2
    59 | D:1      | Escaped the Abyss
   616 | D:1      | Reached skill level 3 in Axes
   764 | D:1      | Reached XP level 2. HP: 25/26 MP: 4/4
  1206 | D:1      | Reached skill level 4 in Axes
  1206 | D:1      | Reached XP level 3. HP: 31/31 MP: 5/5
  1584 | D:2      | Found a basalt altar of Yredelemnul.
  1593 | D:2      | Found a bloodstained altar of Trog.
  1640 | D:1      | Reached ** piety under Lugonu
  1961 | D:2      | Reached XP level 4. HP: 30/39 MP: 6/6
  2582 | D:3      | Reached skill level 5 in Axes
  2750 | D:3      | Found a glowing drain.
  2784 | D:3      | Reached XP level 5. HP: 19/45 MP: 8/8
  3682 | D:4      | Noticed Strat's ghost (novice TeWr)
  3842 | D:4      | Killed Strat's ghost
  3842 | D:4      | Reached skill level 6 in Axes
  3842 | D:4      | Reached XP level 6. HP: 39/51 MP: 8/10
  4249 | D:4      | Found a white marble altar of Elyvilon.
  4388 | D:4      | Noticed Eustachio
  4458 | D:4      | Killed Eustachio
  4458 | D:4      | Reached skill level 7 in Axes
  4458 | D:4      | Reached XP level 7. HP: 31/57 MP: 10/12
  4712 | D:4      | Reached *** piety under Lugonu
  5459 | D:4      | Found a burning altar of Makhleb.
  5462 | D:4      | Noticed a cacodemon
  5466 | D:4      | Noticed a neqoxec
  5466 | D:4      | Noticed a neqoxec
  5573 | D:4      | Reached XP level 8. HP: 25/64 MP: 13/13
  5787 | D:5      | Entered Level 5 of the Dungeon
  5787 | D:5      | Found an ancient bone altar of Kikubaaqudgha.
  5800 | D:5      | Reached skill level 8 in Axes
  6045 | D:5      | Reached skill level 5 in Armour
  6315 | D:5      | Noticed Crazy Yiuf
  6334 | D:5      | Killed Crazy Yiuf
  6486 | D:5      | Found a basalt altar of Yredelemnul.
  6913 | D:5      | Found a snail-covered altar of Cheibriados.
  6933 | D:5      | Reached skill level 9 in Axes
  7380 | D:6      | Noticed Blork the orc
  7400 | D:6      | Killed Blork the orc
  7687 | D:6      | Found an opulent altar of Gozag.
  7697 | D:6      | Reached skill level 5 in Fighting
  7971 | D:6      | Found Lusojyam's Gadget Boutique.
  7979 | D:6      | Bought a wand of disintegration (10/24) for 168 gold pieces
  8045 | D:6      | Reached XP level 9. HP: 74/74 MP: 15/15
  8127 | D:6      | Found a staircase to the Ecumenical Temple.
  8136 | Temple   | Entered the Ecumenical Temple
  8233 | D:7      | Noticed Duvessa
  8233 | D:7      | Noticed Dowan
  8275 | D:7      | Reached skill level 10 in Axes
  8359 | D:7      | Reached **** piety under Lugonu
  8781 | D:7      | Killed Duvessa
  8789 | D:7      | Killed Dowan
  9298 | D:6      | Reached skill level 10 in Invocations
  9396 | D:7      | Found a shimmering altar of Xom.
  9397 | D:7      | Got a scorched ring mail
  9564 | D:8      | Found a radiant altar of Vehumet.
  9649 | D:8      | Reached skill level 11 in Axes
  9824 | D:8      | Identified the +4 ring mail of Love and Death {+Blink rPois MR+ Str+2} (You found it on level 7 of the Dungeon)
 10478 | D:8      | Reached XP level 10. HP: 44/83 MP: 18/18
 10608 | D:8      | Reached skill level 12 in Axes
 11328 | D:9      | Found a staircase to the Lair.
 11916 | D:9      | Noticed Grum
 11963 | D:9      | Killed Grum
 12353 | D:9      | Reached skill level 13 in Axes
 12915 | D:9      | Noticed Gastronok
 12969 | D:9      | Killed Gastronok
 12969 | D:9      | Reached skill level 14 in Axes
 13265 | D:9      | Reached XP level 11. HP: 71/89 MP: 20/20
 13563 | D:9      | Reached skill level 1 in Dodging
 13737 | D:9      | Reached skill level 15 in Axes
 14596 | Lair:1   | Entered Level 1 of the Lair of Beasts
 14681 | Lair:1   | Reached ***** piety under Lugonu
 15336 | Lair:1   | Noticed a seven-headed hydra
 15345 | Lair:1   | a seven-headed hydra changed into something unseen
 16564 | Lair:1   | Reached skill level 16 in Axes
 16801 | Lair:1   | Identified a scroll of acquirement
 18870 | Lair:2   | Reached skill level 17 in Axes
 18870 | Lair:2   | Reached XP level 12. HP: 61/95 MP: 21/21
 19177 | Lair:2   | Got a bloodstained buckler
 19240 | Lair:1   | Identified the +0 buckler of Wiusor {rElec Int+3 Dex+2} (You found it on level 2 of the Lair of Beasts)
 20784 | Lair:3   | Reached skill level 5 in Dodging
 20817 | Lair:3   | HP: 2/95 [porcupine (9)]
 20822 | Lair:3   | HP: 2/95 [river rat (8)]
 21552 | Lair:3   | Reached skill level 18 in Axes
 21869 | Lair:3   | You fall through a shaft for 3 floors!
 23096 | Lair:4   | Noticed a seven-headed hydra
 23099 | Lair:4   | Banished a seven-headed hydra
 23159 | Lair:4   | Noticed a seven-headed hydra
 23177 | Lair:4   | Banished a seven-headed hydra
 23675 | Lair:4   | Reached skill level 19 in Axes
 24555 | Lair:5   | Reached XP level 13. HP: 95/102 MP: 22/22
 26155 | Lair:5   | Slain by a death yak

Skill      XL: |  1  2  3  4  5  6  7  8  9 10 11 12 |
---------------+-------------------------------------+-----
Axes           | 3 4 5 6 7 9 11 14 17 19 | 19.9
Invocations    | 3 4 6 7 8 11 12 13 | 13.0
Armour         | 3 4 5 7 |  7.9
Fighting       | 5 |  5.8
Dodging        | 4 5 |  5.4

Action                   |  1- 3 |  4- 6 |  7- 9 | 10-12 | 13-15 || total
-------------------------+-------+-------+-------+-------+-------++-------
Melee: Hand axe          |   136 |   324 |   300 |       |       ||   760
       War axe           |       |       |   333 |   223 |       ||   556
       Battleaxe         |       |       |       |   754 |   238 ||   992
Throw: Stone             |    50 |    63 |   104 |   167 |    20 ||   404
       Tomahawk          |       |       |       |    13 |       ||    13
Invok: Banish            |       |       |     4 |    18 |     2 ||    24
       Bend Space        |       |       |     1 |       |       ||     1
Evoke: Wand              |       |       |       |     9 |       ||     9
  Use: Potion            |       |     2 |       |     7 |     2 ||    11
       Scroll            |       |    12 |    12 |     7 |       ||    31
  Eat: Chunk             |     3 |     6 |    21 |    37 |     3 ||    70
       Fruit             |       |     3 |       |     4 |       ||     7
       Pizza             |       |       |       |     1 |       ||     1
       Meat ration       |       |       |       |     2 |     1 ||     3
Armor: Leather armour    |    19 |       |       |       |       ||    19
       Scale mail        |    14 |    20 |       |       |       ||    34
       Chain mail        |       |   217 |   215 |       |       ||   432
       Ring mail         |       |       |    72 |   296 |       ||   368
       Plate armour      |       |       |       |    72 |    71 ||   143
Dodge: Dodged            |    90 |   121 |   199 |   436 |    59 ||   905
Block: Other             |       |       |    81 |   197 |    33 ||   311
       Reflection        |       |       |       |     7 |     1 ||     8
